Map: Traitor's Exile

Players

Yata - Winner!

  • Race: Zerg Zerg
  • League: Silver
  • Spawn Location: 9:00

Myhome - Winner!

  • Race: Terran Terran
  • League: Diamond
  • Spawn Location: 12:00

SeanyMikes

  • Race: Zerg Zerg
  • League: Gold
  • Spawn Location: 5:00

Hardman

  • Race: Protoss Protoss
  • Spawn Location: 6:00

VOD

Have the link to the VOD?

Description

Time

  • Played on: Aug. 26, 2017, 7:55 p.m.
  • Length: 13:44
Show
View Real Time Build Order
Export as new Build Order

Yata Zerg - Winner!

Build Orders: Hatch First 

Get SALT Encoding   

  12  0:01  Drone  
  13  0:13  Overlord  
  13  0:18  Drone  
  14  0:31  Drone  
  14  0:32  Drone  
  16  0:35  Drone  
  17  0:58  Hatchery  
  17  1:01  Drone x2  
  18  1:21  Extractor  
  18  1:22  Spawning Pool  
  18  1:25  Spawning Pool  
  16  1:26  Drone  
  16  1:27  Drone  
  16  1:30  Drone  
  19  1:40  Overlord  
  19  1:57  Drone  
  21  2:08  Drone  
  21  2:12  Queen x2  
  21  2:14  Zergling x2  
  21  2:15  Zergling x2  
  27  2:23  Metabolic Boost  
  27  2:26  Drone x2  
  29  2:34  Drone x2  
  31  2:43  Drone  
  32  2:45  Overlord  
  32  2:51  Queen  
  34  2:55  Drone  
  34  2:56  Drone  
  36  3:09  Drone x2  
  38  3:19  Drone x2  
  40  3:20  Drone x3  
  41  3:42  Baneling Nest  
  41  3:45  Extractor, Drone x2, Hatchery  
  40  3:51  Extractor  
  40  3:55  Overlord x3  
  40  4:13  Drone  
  40  4:14  Drone x2  
  43  4:21  Drone x3  
  46  4:28  Pneumatized Carapace  
  46  4:30  Lair  
  46  4:33  Zergling x8  
  50  4:42  Zergling x6  
  50  4:43  Zergling x6  
  56  4:51  Drone x2  
  58  5:02  Overlord x2  
  58  5:20  Zergling x2  
  60  5:21  Zergling x12  
  60  5:23  Baneling x4  
  60  5:24  Baneling x2  
  64  5:30  Drone x2  
  64  5:32  Drone x2  
  64  5:33  Drone x3  
  71  5:55  Drone x6, Evolution Chamber  
  67  6:08  Zergling x6  
  67  6:09  Zergling x16  
  72  6:14  Roach Warren  
  71  6:23  Hydralisk Den  
  71  6:25  Zerg Missile Weapons Level 1  
  71  6:32  Zergling x10  
  76  6:33  Zergling x10  
  76  6:36  Overlord x2  
  76  6:37  Overlord  
  81  6:58  Hydralisk x9  
  81  6:59  Hydralisk  
  101  7:12  Extractor  
  92  7:42  Nydus Network  
  77  7:51  Zergling x2  
  77  7:52  Zergling x30  
  93  8:23  Overlord  
  93  8:24  Overlord x7  
  93  8:30  Zerg Missile Weapons Level 2  
  93  8:33  Hatchery  
  92  8:40  Infestation Pit  
  91  8:41  Queen x2  
  95  8:56  Hydralisk x4  
  103  9:06  Hydralisk  
  105  9:18  Hydralisk x2  
  109  9:27  Extractor  
  108  9:39  Hydralisk  
  108  9:40  Hydralisk x2  
  97  10:24  Hydralisk x3  
  97  10:25  Hydralisk x6  
  110  10:46  Hydralisk x5  
  120  10:55  Hydralisk x2  
  124  11:10  Muscular Augments  
  124  11:19  Hydralisk  
  124  11:20  Hydralisk  
  108  11:45  Hydralisk x5  
  106  11:53  Hydralisk  
  92  11:54  Hydralisk  
  90  12:07  Queen  
  92  12:19  Hydralisk  
  92  12:20  Hydralisk x2  
  82  12:52  Hydralisk  
  82  12:53  Hydralisk x2  
  88  13:06  Extractor  
  88  13:11  Extractor  
  86  13:14  Drone x13  
  86  13:15  Extractor, Drone x15  
  113  13:25  Drone  
Show
View Real Time Build Order
Export as new Build Order

Myhome Terran - Winner!

Build Orders: Reaper Expand, MMM Bio 

Get SALT Encoding   

  12  0:01  SCV  
  13  0:13  SCV  
  14  0:19  Supply Depot  
  14  0:25  SCV  
  15  0:41  SCV  
  15  0:42  Barracks  
  16  0:46  Refinery  
  16  0:54  SCV  
  17  1:06  SCV  
  18  1:18  SCV  
  19  1:32  Orbital Command  
  19  1:55  Command Center  
  19  1:58  Reaper  
  19  2:01  SCV  
  21  2:14  Barracks  
  21  2:15  SCV  
  22  2:29  SCV  
  23  2:30  Factory, Refinery  
  23  2:44  Supply Depot  
  23  3:03  Barracks Reactor  
  23  3:06  Barracks Tech Lab, SCV  
  23  3:10  Orbital Command  
  24  3:18  SCV  
  25  3:30  SCV  
  26  3:37  SCV  
  27  3:41  Marine x2  
  27  3:42  Supply Depot, SCV  
  27  3:43  Marine  
  27  3:44  Stimpack  
  27  3:45  Factory Tech Lab  
  31  3:49  SCV  
  31  3:50  Starport  
  31  3:55  Barracks  
  32  3:59  SCV  
  33  4:05  Marine x2  
  33  4:06  Marauder  
  33  4:07  SCV  
  38  4:11  SCV  
  38  4:12  Siege Tank  
  42  4:20  SCV  
  42  4:23  SCV, Marine x2  
  46  4:28  Starport Reactor  
  46  4:29  Engineering Bay  
  46  4:32  SCV  
  46  4:35  SCV  
  46  4:37  Engineering Bay  
  48  4:44  Barracks Reactor, SCV, Marine x2  
  48  4:45  Marine  
  52  4:47  SCV  
  53  5:02  Marine  
  54  5:08  Supply Depot  
  54  5:09  Supply Depot  
  54  5:12  Supply Depot  
  54  5:16  Marine x2  
  54  5:17  SCV x2  
  54  5:18  Medivac  
  60  5:25  Marine x2  
  62  5:29  SCV x2, Marine  
  62  5:30  Siege Tank  
  62  5:34  Marine  
  69  5:36  Supply Depot  
  69  5:39  Marine  
  69  5:41  Supply Depot, SCV x2  
  69  5:42  Terran Infantry Weapons Level 1  
  72  5:45  Combat Shields  
  72  5:48  Refinery x2  
  72  6:01  Command Center  
  72  6:03  SCV x2  
  72  6:04  Marine  
  75  6:22  SCV x2  
  77  6:26  Marine x5  
  81  6:33  Barracks x3  
  81  6:37  Armory  
  81  6:38  Terran Infantry Armor Level 1  
  81  6:43  Medivac  
  81  6:44  Medivac, Marine x2  
  87  6:51  Marine x3  
  90  7:01  Marine  
  90  7:02  Marine  
  90  7:04  SCV x2  
  94  7:09  Marine x3  
  96  7:18  SCV x2  
  96  7:19  Marine x2  
  100  7:27  Marine x2  
  102  7:30  Orbital Command  
  102  7:32  Marine  
  102  7:34  Barracks Reactor  
  102  7:35  Barracks Reactor  
  103  7:37  Marine x2  
  103  7:43  Barracks x2  
  105  7:45  Supply Depot, Terran Infantry Weapons Level 2  
  105  7:46  Supply Depot, Marine x2  
  105  7:50  Marine  
  108  7:55  Marine x2  
  108  7:56  Barracks Reactor  
  106  8:04  Marine x2  
  99  8:07  Marine  
  99  8:11  Marine x4  
  103  8:13  Marine x2  
  105  8:21  Marine x2  
  105  8:25  Marine  
  104  8:29  Marine x4  
  104  8:31  Medivac x2, Siege Tank, Marine x2  
  114  8:39  Marine x2  
  116  8:43  Marine  
  116  8:46  Marine  
  116  8:47  Marine x2  
  116  8:48  Marine x4  
  121  8:49  Marine  
  124  8:56  SCV x2  
  124  8:57  Marine x2, SCV  
  124  9:01  Marine  
  124  9:02  Terran Infantry Armor Level 2  
  130  9:03  Siege Tank  
  133  9:12  Supply Depot  
  133  9:13  Supply Depot  
  133  9:34  SCV x2, Marine x6  
  133  9:35  Medivac x2, SCV, Marine x3  
  149  9:40  Marine x2  
  151  9:46  SCV x2  
  151  9:52  Marine  
  154  10:01  Marine x3  
  157  10:10  Marine  
  157  10:11  Marine x2  
  157  10:12  Marine x2  
  157  10:13  Marine x2  
  157  10:14  Marine  
  157  10:18  Marine x2  
  157  10:19  Marine  
  156  10:28  Marine  
  157  10:37  Marine  
  157  10:38  Marine  
  157  10:49  Marine  
  157  10:50  Marine x2  
  157  11:04  Marine  
  157  11:14  Marine x10  
  167  11:19  Command Center  
  167  11:22  Marine  
  167  11:23  Command Center  
  167  11:25  Command Center  
  164  11:26  Command Center  
  164  11:29  Command Center  
  164  11:32  Marine x12  
  168  11:34  Command Center  
  166  11:40  Marine  
  167  11:50  Marine x4  
  171  12:00  Marine x3  
  171  12:01  Marine x3  
  171  12:03  SCV x2  
  171  12:04  SCV  
  171  12:16  Marine x2  
  173  12:30  Marine x10  
  173  12:35  Orbital Command  
  171  13:13  Marine  
  171  13:14  Marine x7  
  171  13:15  Marine x5  
Show
View Real Time Build Order
Export as new Build Order

SeanyMikes Zerg 

Build Orders: Hatch First 

Get SALT Encoding   

  12  0:02  Drone  
  13  0:10  Drone  
  14  0:38  Hatchery  
  13  0:45  Overlord  
  13  1:01  Spawning Pool  
  12  1:05  Drone  
  13  1:12  Drone  
  13  1:17  Drone x2  
  16  1:27  Drone  
  17  1:39  Drone  
  18  1:43  Extractor  
  17  1:48  Drone  
  17  1:52  Queen  
  17  1:54  Queen  
  20  1:58  Drone  
  23  2:04  Drone  
  23  2:06  Drone  
  25  2:12  Drone x2  
  27  2:20  Drone  
  28  2:29  Overlord  
  28  2:40  Extractor  
  28  2:41  Drone  
  28  2:45  Overlord  
  28  2:51  Zergling x4  
  30  3:00  Drone x2  
  32  3:06  Drone x3  
  32  3:07  Drone x3  
  38  3:22  Zergling x8  
  42  3:32  Drone  
  42  3:33  Drone  
  43  3:39  Lair  
  43  3:40  Roach Warren  
  42  3:42  Metabolic Boost  
  42  3:45  Zergling x4  
  42  3:47  Overlord x2  
  44  4:05  Queen  
  44  4:09  Zergling x6  
  49  4:10  Zergling x4  
  49  4:16  Drone  
  49  4:17  Drone x2  
  54  4:21  Roach  
  56  4:26  Drone  
  56  4:31  Overlord  
  57  4:39  Overlord, Roach  
  57  4:40  Overlord  
  59  4:49  Roach x2  
  59  4:50  Zergling x6  
  59  4:51  Zergling x2  
  67  4:57  Overseer  
  67  5:00  Roach  
  67  5:01  Roach  
  67  5:05  Glial Reconstitution  
  71  5:08  Drone x2  
  71  5:11  Drone  
  71  5:12  Drone  
  75  5:16  Roach x4, Extractor  
  75  5:17  Extractor  
  81  5:22  Drone  
  81  5:27  Spore Crawler  
  81  5:33  Roach  
  83  5:36  Overlord x4  
  83  5:54  Roach x3  
  89  6:02  Spore Crawler  
  72  6:08  Roach x2  
  72  6:09  Roach x4  
  84  6:18  Zergling x6  
  86  6:19  Zergling x2  
  88  6:25  Drone  
  88  6:26  Drone  
  90  6:45  Roach x6  
  90  6:46  Roach  
  104  6:52  Infestation Pit  
  103  6:59  Roach x2  
  103  7:00  Roach, Hatchery  
  101  7:20  Spore Crawler x2  
  70  8:00  Roach  
  70  8:01  Roach x6  
  70  8:02  Roach  
  50  8:10  Drone  
  50  8:11  Drone  
  50  8:32  Roach  
  50  8:33  Roach x3  
  39  8:42  Roach x4  
  39  8:43  Roach x2  
Show
View Real Time Build Order
Export as new Build Order

Hardman Protoss 

Build Orders: 1 Gate Expand 

Get SALT Encoding   

  12  0:01  Probe (Chrono Boost)  
  13  0:11  Probe (Chrono Boost)  
  14  0:22  Probe (Chrono Boost)  
  15  0:29  Pylon  
  15  0:42  Assimilator  
  15  0:47  Probe (Chrono Boost)  
  16  0:52  Gateway  
  16  0:58  Probe (Chrono Boost)  
  17  1:05  Pylon  
  17  1:08  Probe (Chrono Boost)  
  18  1:19  Probe (Chrono Boost)  
  19  1:31  Probe (Chrono Boost)  
  20  1:43  Nexus  
  20  1:50  Cybernetics Core, Probe (Chrono Boost)  
  21  1:55  Pylon  
  21  1:59  Assimilator  
  21  2:07  Probe (Chrono Boost)  
  22  2:17  Probe (Chrono Boost)  
  22  2:19  Forge  
  23  2:28  Probe (Chrono Boost)  
  24  2:39  Probe  
  25  2:50  Pylon  
  25  2:51  Probe  
  25  2:56  Probe  
  27  3:03  Probe  
  28  3:06  Assimilator, Probe  
  29  3:21  Pylon  
  29  3:29  Probe  
  29  3:30  Probe  
  29  3:31  Photon Cannon  
  31  3:36  Gateway  
  31  3:39  Photon Cannon  
  31  3:41  Pylon  
  31  3:42  Probe x2  
  33  3:48  Warp Gate (Chrono Boost)  
  33  3:54  Probe  
  33  3:55  Zealot  
  36  4:00  Pylon  
  36  4:06  Photon Cannon, Probe  
  37  4:18  Probe  
  37  4:21  Probe  
  37  4:22  Photon Cannon  
  39  4:25  Stalker  
  39  4:26  Stalker  
  39  4:30  Probe  
  44  4:32  Probe  
  45  4:40  Pylon  
  45  4:42  Probe x2  
  45  4:43  Pylon  
  47  4:50  Assimilator  
  47  4:54  Assimilator  
  47  4:55  Probe  
  47  4:57  Protoss Shields Level 1  
  47  4:59  Photon Cannon  
  48  5:06  Stargate, Probe  
  48  5:08  Probe  
  50  5:20  Probe  
  51  5:25  Pylon  
  51  5:33  Stargate  
  51  5:34  Stargate  
  51  5:39  Probe  
  51  5:40  Probe  
  53  5:51  Phoenix  
  53  5:52  Probe  
  56  6:09  Stalker x2  
  60  6:17  Phoenix x2  
  64  6:23  Probe  
  65  6:34  Probe  
  65  6:37  Nexus  
  66  6:43  Photon Cannon  
  66  6:44  Photon Cannon  
  66  6:47  Photon Cannon  
  66  6:49  Photon Cannon  
  66  6:51  Pylon  
  66  6:55  Assimilator  
  66  7:00  Assimilator  
  66  7:03  Fleet Beacon  
  66  7:04  Pylon  
  66  7:07  Pylon  
  64  7:38  Stalker  
  64  7:39  Stalker  
  66  7:46  Carrier (Chrono Boost)  
  66  7:52  Carrier (Chrono Boost)  
  84  7:58  Carrier (Chrono Boost)  
  84  8:15  Graviton Catapult  
  68  8:32  Mothership Core (Chrono Boost)  
  70  8:37  Probe (Chrono Boost)  
  71  8:46  Probe (Chrono Boost)  
  73  8:49  Probe (Chrono Boost)  
  73  8:51  Probe (Chrono Boost)  
  74  8:56  Probe (Chrono Boost)  
  74  9:01  Probe (Chrono Boost)  
  74  9:02  Probe (Chrono Boost)  
  77  9:07  Probe (Chrono Boost)  
  77  9:09  Carrier (Chrono Boost)  
  84  9:12  Carrier (Chrono Boost)  
  84  9:13  Probe (Chrono Boost)  
  91  9:28  Photon Cannon x2  
  91  9:30  Photon Cannon x2  
  91  9:39  Carrier (Chrono Boost)  
  103  9:58  Pylon  
  103  10:00  Pylon  
  103  10:03  Pylon  
  94  10:58  Photon Cannon  
  94  11:00  Photon Cannon  
  94  11:02  Photon Cannon  
  80  11:06  Pylon  
  80  11:09  Pylon  
  80  11:10  Pylon  
  64  12:03  Pylon  
  64  12:04  Pylon  
  64  12:08  Cybernetics Core  
  64  12:36  Pylon  
  64  12:39  Pylon  
  64  12:52  Stargate x2  
  64  12:54  Stargate  
  64  12:57  Stargate  
Tags
 
Add a new tag
Caveats
  • Supply blocks, unpowered buildings, or Contaminate may cause inaccurate times.
  • Supply counts are checked every 10 seconds.